 Dungeon Crawl Stone Soup version 0.32-a0-401-g0bcb2a7693 (webtiles) character file.

Game seed: 5440308876797687072

34 Asfel the Grave Robber (level 3, -4/24 HPs)
             Began as a Demonspawn Necromancer on Feb 20, 2024.
             Killed by divine providence
             ... invoked by an orc priest
              (13 damage)
             ... on level 2 of the Dungeon.
             The game lasted 00:04:05 (917 turns).

Asfel the Grave Robber (Demonspawn Necromancer)      Turns: 917, Time: 00:04:05

Health: -4/24      AC:  2    Str:  8    XL:     3   Next: 14%
Magic:  1/6        EV: 12    Int: 17    God:
Gold:   64         SH:  0    Dex: 13    Spells: 6/7 levels left

rFire   . . .        (no weapon)
rCold   . . .        (no shield)
rNeg    . . .        a - +0 robe
rPois   .            (no helmet)
rElec   .            (no cloak)
rCorr   .            (no gloves)
SInv    .            (no boots)
Will    .....        (no amulet)
Stlth   ++           (no ring)
HPRegen 0.24/turn    (no ring)
MPRegen 0.10/turn

%: no passive effects
@: no status effects
A: hooves 1, weakness stinger 1
a: Convert to Beogh


You were on level 2 of the Dungeon.
You visited 1 branch of the dungeon, and saw 2 of its levels.

You collected 64 gold pieces.

Inventory:

Armour
 a - a +0 robe (worn)
Jewellery
 f - a +6 ring of strength
Scrolls
 e - a scroll of teleportation {unknown}
Potions
 b - a potion of magic
 c - a potion of invisibility {unknown}
 d - 2 potions of attraction {unknown}


   Skills:
 - Level 1.7 Dodging
 - Level 1.7 Stealth
 * Level 2.5 Spellcasting
 + Level 5.1 Necromancy


You had 6 spell levels left.
You knew the following spells:

 Your Spells              Type           Power      Damage    Failure   Level
a - Necrotise             Necr           76%        1d7       2%          1

Your spell library contained the following spells:

 Spells                   Type           Power      Damage    Failure   Level
 Vampiric Draining        Necr           19%        2d7       6%          3
 Animate Dead             Necr           19%        N/A       22%         4
 Curse of Agony           Necr           19%        N/A       52%         5


Dungeon Overview and Level Annotations

Branches:
Dungeon (2/15)

Altars:


Innate Abilities, Weirdness & Mutations

You have large cloven feet.
You have a small tail.


Message History

Your orc skeleton closely misses the orc priest.
Your ball python skeleton bites the orc but does no damage.
Your ball python skeleton closely misses the orc.
The orc priest mumbles some strange prayers to Beogh against you.
Beogh smites you!
Ouch! That really hurt!
* * * LOW HITPOINT WARNING * * *
The orc priest shouts, "Beogh offers mercy even to people such as you.
Join us and be reborn!" (press Y on the ability menu to convert to Beogh)
There are monsters nearby!
You bow before the missionary of Beogh.
Okay, then.
Casting: Necrotise (safe; 2% risk of failure)
Confirm with . or Enter, or press ? or * to list all spells.
Aiming: Necrotise (safe; 2% risk of failure)
Press: ? - help, Shift-Dir - straight line, f/p - orc
Aim: an orc, wielding a +0 dagger and wearing a +0 scale mail (heavily wounded, ally target, chance to affect: 89%)
The orc writhes in agony.
You kill the orc!
The dead are walking!
Your orc skeleton barely misses the orc priest.
Okay, then.
You bow before the missionary of Beogh.
Casting: Necrotise (safe; 2% risk of failure)
Confirm with . or Enter, or press ? or * to list all spells.
You don't have enough magic to cast this spell.
Your ball python skeleton closely misses the orc priest.
Your ball python skeleton barely misses the orc priest.
The orc priest shouts, "Surrender to Beogh and we'll let you live!"
Your orc skeleton hits the orc priest but does no damage.
The orc priest hits your orc skeleton with a +0 club.
Your ball python skeleton misses the orc priest.
Your ball python skeleton closely misses the orc priest.
Your orc skeleton misses the orc priest.
Your orc skeleton closely misses the orc priest.
Your ball python skeleton barely misses the orc priest. x2
The orc priest calls down the wrath of Beogh upon you.
Beogh smites you!
Ouch! That really hurt!
You die...

####### .....##
#.... #.#.## #
###.#@<#
.#.###.#.#..#
............#
##.##.......#
.........o.###.
.......Z.......
......)ZZ....#..
..#.......#....
. #.ß...ß.#.#...


You could see an orc priest (ally target), a friendly ball python skeleton and 2
friendly orc skeletons.

Vanquished Creatures
  2 orcs (D:2)
  A ball python (D:2)
  2 bats (D:1)
  2 giant cockroaches (D:1)
  A goblin (D:1)
  2 hobgoblins (D:1)
  A quokka (D:1)
  A frilled lizard (D:1)
  2 kobolds (D:1)
  A rat (D:1)
15 creatures vanquished.

Vanquished Creatures (collateral kills)
  A dart slug (D:1)
  A goblin (D:1)
2 creatures vanquished.

Grand Total: 17 creatures vanquished

Notes
Turn   | Place    | Note
-------+----------+-------------------------------------------
     0 | D:1      | Asfel the Demonspawn Necromancer began the quest for the
                  | Orb.
     0 | D:1      | Reached XP level 1. HP: 13/13 MP: 3/3
   166 | D:1      | Discovered your monstrous ancestry.
   166 | D:1      | Gained mutation: You have large cloven feet. [demonic
                  | ancestry]
   166 | D:1      | Reached XP level 2. HP: 19/19 MP: 3/5
   332 | D:1      | Reached skill level 5 in Necromancy
   906 | D:2      | Gained mutation: You have a small tail. [demonic ancestry]
   906 | D:2      | Reached XP level 3. HP: 24/24 MP: 4/6
   917 | D:2      | Killed from afar by an orc priest

Illustrated notes

Levels and vault maps discovered:
D:1:      matt_arrival_spirals, layout_basic
D:2:      cheibrodos_pilgrimage, layout_basic, hangedman_decor_peaks_small,
          st_stairs_1, uniq_sigmund

Skill      XL: |  1  2 |
---------------+-------+-----
Necromancy     | 5 |  5.1
Dodging        | |  1.7
Stealth        | |  1.7
Spellcasting   | |  2.5

Action                     || total
---------------------------++-------
   Cast: Necrotise         ||    28
 Armour: Robe              ||     6
  Dodge: Dodged            ||     4

Table legend: (Time is in decaauts)
 A = Elapsed time spent in this place.
 B = Non-inter-level travel time spent in this place.
 C = Inter-level travel time spent in this place.
 D = Time resting spent in this place.
 E = Time spent auto-exploring this place.
 F = Levels seen in this place.
 G = Mean time per level.
                   A        B        C        D        E       F      G
               +--------+--------+--------+--------+--------+-----+--------+
         Total |    916 |    886 |     30 |      0 |    770 |   2 |  458.0 |
       Dungeon |    916 |    886 |     30 |      0 |    770 |   2 |  458.0 |
               +--------+--------+--------+--------+--------+-----+--------+

Top non-repeatable levels by time:
     D:1: 895 daAuts
     D:2: 21 daAuts
